AoeStats
← seven

Fortress

510044742Analyzed
4v4 RM · 2d ago on Sep 29, 2026· 42m 2s· 8 players
Game mode
Random Map
Map size
Huge
Population
200
Speed
Normal
Resources
Standard
Victory
Conquest
Starting age
Dark Age
Ending age
Imperial Age
RankedLock teamsTeams togetherTeam positionsShared explorationLock speedFull tech treeHidden civsTurbo modeCheats
Victory
Defeat
🇨🇳 Khmer · China
821
+12
🇨🇳 Danes · China
815
+12
🇷🇺 Khmer · Russia
802
+13
🇺🇸 Maya · United States
697
+17
🇶🇦 Bohemians · Qatar
778
-16
🇨🇳 Teutons · China
752
-14
🇨🇳 Ethiopians · China
690
-12
🇹🇼 Persians · Taiwan
681
-12
linsanity1105
2:01 Loom
8:09 Feudal Age
9:13 Double-Bit Axe
13:49 Castle Age
11:39 Horse Collar
12:08 Gold Mining
12:26 Stone Mining
14:51 Bow Saw
16:57 Heavy Plow
17:49 Heavy Plow
18:40 Gold Shaft Mining
20:14 Wheelbarrow
24:20 Imperial Age
24:33 Stone Shaft Mining
24:18 Hand Cart
25:16 Crop Rotation
25:50 Two-Man Saw
26:15 Caravan
28:13 Conscription
29:15 Guilds
30:15 Chemistry
29:36 Ballistics
30:18 Citadels
30:34 Scale Barding Armor
30:40 Forging
30:38 Husbandry
30:49 Bloodlines
31:20 Cavalier
32:27 Chain Barding Armor
32:43 Iron Casting
32:51 Savar
34:21 Plate Barding Armor
36:02 Blast Furnace
暗夜惜黎
6:26 Feudal Age
7:18 Double-Bit Axe
7:16 Horse Collar
16:06 Castle Age
16:09 Gold Mining
17:45 Gold Shaft Mining
18:14 Wheelbarrow
17:56 Heavy Plow
23:19 Imperial Age
22:08 Bow Saw
23:04 Caravan
25:40 Chemistry
25:28 Town Watch
29:27 Torsion Engines
31:09 Siege Engineers
38:23 Squires
38:37 Forging
38:28 Scale Mail Armor
39:08 Conscription
42:07 Masonry
seven
6:38 Feudal Age
7:03 Double-Bit Axe
13:33 Castle Age
11:21 Horse Collar
12:59 Gold Mining
13:05 Stone Mining
15:26 Wheelbarrow
14:42 Town Watch
15:21 Heavy Plow
16:30 Bow Saw
21:53 Hand Cart
23:28 Town Patrol
24:19 Bloodlines
24:40 Squires
24:26 Arson
24:50 Scale Barding Armor
27:36 Chain Barding Armor
27:29 Pikeman
28:17 Scale Mail Armor
28:43 Masonry
32:45 Imperial Age
30:58 Forging
31:04 Chain Mail Armor
32:58 Halberdier
33:13 Cavalier
34:37 Plate Barding Armor
34:38 Iron Casting
34:29 Conscription
Sam wood
2:19 Loom
10:48 Feudal Age
12:05 Wheelbarrow
11:16 Town Watch
12:18 Horse Collar
12:27 Double-Bit Axe
18:41 Castle Age
18:23 Arson
18:43 Padded Archer Armor
18:34 Fletching
18:45 Scale Mail Armor
18:56 Forging
20:04 Hand Cart
20:06 Bow Saw
21:06 Town Patrol
21:31 Heavy Plow
22:03 Husbandry
24:06 Wagenburg Tactics
24:30 Fortified Wall
24:50 Bodkin Arrow
25:22 Murder Holes
27:21 Chemistry
26:45 Ballistics
27:08 Caravan
28:11 Husbandry
28:35 Leather Archer Armor
28:57 Iron Casting
33:10 Imperial Age
31:29 Squires
30:50 Pikeman
33:57 Coinage
美少女王兔
8:09 Feudal Age
9:29 Loom
12:07 Castle Age
11:22 Double-Bit Axe
11:18 Horse Collar
18:11 Bow Saw
18:03 Heavy Plow
18:41 Wheelbarrow
19:09 Wheelbarrow
19:54 Gold Mining
21:26 Hand Cart
21:52 Gold Shaft Mining
24:50 Imperial Age
23:14 Scale Barding Armor
23:20 Forging
25:27 Bloodlines
25:17 Husbandry
25:54 Chain Barding Armor
26:10 Iron Casting
25:38 Tusk Swords
26:16 Conscription
25:52 Elite Battle Elephant
30:23 Crop Rotation
30:47 Plate Barding Armor
31:28 Blast Furnace
小笼包的诺姆
7:41 Feudal Age
11:27 Castle Age
9:18 Double-Bit Axe
10:00 Horse Collar
13:26 Bow Saw
13:49 Heavy Plow
17:02 Loom
19:11 Wheelbarrow
18:56 Gold Mining
25:42 Imperial Age
23:29 Scale Mail Armor
23:39 Forging
24:00 Squires
23:48 Arson
25:15 Gold Shaft Mining
25:01 Chain Mail Armor
25:33 Hand Cart
24:49 Hamask
26:13 Iron Casting
26:42 Siege Engineers
27:02 Conscription
26:13 Capped Ram
28:17 Plate Mail Armor
28:54 Blast Furnace
27:54 Elite Jomsviking
29:27 Siege Ram
31:53 Fervor
32:09 Elite Varangian Guard
32:36 Gambesons
33:49 Stone Mining
36:11 Stone Shaft Mining
41:00 Scale Barding Armor
40:46 Fletching
40:21 Man-at-Arms
shprot
6:11 Feudal Age
5:33 Loom
11:09 Castle Age
26:08 Wheelbarrow
27:20 Bloodlines
27:10 Husbandry
31:27 Imperial Age
28:46 Double-Bit Axe
29:12 Horse Collar
29:26 Stone Mining
31:33 Hand Cart
31:57 Tusk Swords
32:51 Husbandry
35:17 Conscription
36:05 Husbandry
36:43 Heavy Scorpion
38:17 Hoardings
38:40 Scale Barding Armor
38:46 Forging
41:05 Chain Barding Armor
41:21 Iron Casting
41:09 Ballistics
40:56 Siege Engineers
41:52 Chemistry
viditdhaka2805
9:22 Feudal Age
10:47 Double-Bit Axe
10:46 Horse Collar
11:00 Gold Mining
16:08 Castle Age
18:55 Crossbowman
22:02 Pikeman
23:32 Wheelbarrow
24:38 Caravan
25:38 Fletching
25:49 Padded Archer Armor
26:01 Forging
25:53 Scale Mail Armor
27:59 Heavy Plow
28:34 Stone Mining
30:57 Hand Cart
36:29 Imperial Age
33:36 Eagle Warrior
35:17 Thumb Ring
36:42 Arbalester
41:39 Chemistry
Connection lost

Rejoining the realm…

Still unreachable

The connection could not be restored.

Session expired

The server has moved on; the page needs a fresh start.